 Dungeon Crawl Stone Soup version 0.20.1-1-g8b1a95d (webtiles) character file.

11 tidbits the Charmwright (level 2, 0/19 HPs)
             Began as an Octopode Skald on July 8, 2017.
             Slain by tidbits's ghost (1 damage)
             ... on level 3 of the Dungeon.
             The game lasted 00:02:47 (272 turns).

tidbits the Charmwright (Octopode Skald)             Turns: 272, Time: 00:02:47

Health: 0/19       AC:  1    Str: 10    XL:     2   Next: 25%
Magic:  1/5        EV: 13    Int: 15    God:
Gold:   27         SH:  0    Dex: 11    Spells: 4/5 levels left

rFire    . . .     SeeInvis .     - Unarmed
rCold    . . .     Gourm    .   (no shield)
rNeg     . . .     Faith    +   (helmet restricted)
rPois    .         Spirit   .   f - amulet of faith
rElec    .         Reflect  .   (no ring)
rCorr    .         Harm     .   (no ring)
MR       .....                  (no ring)
Stlth    +++.......             (no ring)
Regen    0.1/turn               (no ring)
MPRegen  0.1/turn               (no ring)
                                (no ring)
                                (no ring)

@: infused
A: almost no armour, stealthy swim, amphibious, 8 rings, constrict 8, camouflage
1, gelatinous body 1
a: no special abilities


You were on level 3 of the Dungeon.
You were not hungry.

You visited 1 branch of the dungeon, and saw 3 of its levels.

You collected 27 gold pieces.

Inventory:

Missiles
 e - 19 arrows
Jewellery
 f - an amulet of faith (around mantle)
   (You found it on level 2 of the Dungeon)
Books
 a - a book of Battle

   Spells                             Type                      Level
   a - Infusion                       Charms                       1
   b - Shroud of Golubria             Charms/Translocation         2
   c - Song of Slaying                Charms                       2
   d - Spectral Weapon                Hexes/Charms                 3
   e - Regeneration                   Charms/Necromancy            3
Comestibles
 b - a bread ration
 d - 3 fruits
 g - a meat ration


   Skills:
 - Level 2.0 Fighting
 - Level 2.3 Dodging
 + Level 2.7 Stealth
 - Level 2.0 Unarmed Combat
 - Level 2.0 Spellcasting
 - Level 3.0 Charms


You had 4 spell levels left.
You knew the following spells:

 Your Spells              Type           Power        Failure   Level  Hunger
i - Infusion              Chrm           ##..         6%          1    #......


Dungeon Overview and Level Annotations

Branches:
Dungeon (3/15)

Altars:

Annotations:
D:3 tidbits's ghost, weakling OpAr


Innate Abilities, Weirdness & Mutations

You cannot wear most types of armour.
You are very stealthy in the water. (Stealth+)
You are amphibious.
You can wear up to eight rings at the same time.
You can use your tentacles to constrict eight enemies at once.
Your skin changes colour to match your surroundings (Stealth+).
Your rubbery body absorbs attacks. (AC +1, EV +1)


Message History

Confirm with . or Enter, or press ? or * to list all spells.
Okay, then.
Casting: Infusion
Confirm with . or Enter, or press ? or * to list all spells.
You begin infusing your attacks with magical energy.
The goblin barely misses you. The goblin hits you with a club.
You miss the goblin. You grab the goblin. You constrict the goblin.
The goblin completely misses you. The goblin hits you with a club.
* * * LOW HITPOINT WARNING * * *
You tentacle-slap the goblin.
You kill the goblin!
The goblin misses you.
You tentacle-slap the goblin.
You kill the goblin!
Things that are here:
a club; a goblin corpse Your magical infusion is running out.
Found a dagger.
A rat comes into view.
You are no longer magically infusing your attacks.
A hobgoblin comes into view. It is wielding a club.
Found a stone staircase leading down.
Found a chain mail.
The helpless hobgoblin fails to defend itself.
You tentacle-slap the hobgoblin. Your grab misses the hobgoblin.
Your squeeze misses the hobgoblin.
The hobgoblin is heavily wounded.
The hobgoblin hits you with a club.
* * * LOW HITPOINT WARNING * * *
You closely miss the hobgoblin. Your grab misses the hobgoblin.
Your squeeze misses the hobgoblin.
The hobgoblin is heavily wounded.
The hobgoblin barely misses you.
You tentacle-slap the hobgoblin. Your grab misses the hobgoblin.
You squeeze the hobgoblin, but do no damage.
The hobgoblin is severely wounded.
The hobgoblin closely misses you.
You closely miss the hobgoblin. Your grab misses the hobgoblin.
Your squeeze misses the hobgoblin.
The hobgoblin is severely wounded.
The hobgoblin closely misses you.
You barely miss the hobgoblin. Your grab misses the hobgoblin.
You squeeze the hobgoblin.
You kill the hobgoblin!
You see here a club.
Found 5 large rocks and a scroll labeled TYOMIP DUJAGI.
Found a scroll labeled HAOSHUI QILENA.
There is a stone staircase leading down here.
An adder comes into view.
The adder hisses angrily.
Found a scroll labeled TYOMIP DUJAGI.
You see here a chain mail.
There is a stone staircase leading down here.
Magic restored.
You climb downwards.
There is a stone staircase leading up here.
A worm comes into view.
Found a meat ration.
Found a leather armour.
g - a meat ration
Found a scroll labeled SAWKEU TUPN.
A rat comes into view.
All of the chunks of flesh in your inventory have rotted away.
Tidbits's ghost (weakling Octopode Artificer) comes into view.
Casting: Infusion
Confirm with . or Enter, or press ? or * to list all spells.
You begin infusing your attacks with magical energy.
Tidbits's ghost turns its malevolent gaze towards you.
The rat bites you.
You tentacle-slap the rat.
You kill the rat!
You aren't carrying any potions.
Unknown command.
Okay, then.
You closely miss tidbits's ghost. Tidbits's ghost hits you.
* * * LOW HITPOINT WARNING * * *
Unknown command.
You tentacle-slap tidbits's ghost. You squeeze tidbits's ghost!
Tidbits's ghost is heavily damaged.
Tidbits's ghost hits you.
* * * LOW HITPOINT WARNING * * *
Unknown command.
You closely miss tidbits's ghost.
Tidbits's ghost is heavily damaged.
Tidbits's ghost hits you.
* * * LOW HITPOINT WARNING * * *
Unknown command.
You closely miss tidbits's ghost.
Tidbits's ghost is heavily damaged.
Tidbits's ghost closely misses you.
You closely miss tidbits's ghost.
Tidbits's ghost is heavily damaged.
Tidbits's ghost closely misses you.
You tentacle-slap tidbits's ghost.
Tidbits's ghost is heavily damaged.
Tidbits's ghost closely misses you.
You barely miss tidbits's ghost.
Tidbits's ghost is heavily damaged.
Tidbits's ghost hits you.
You die...

#### ...# ##.# ##.# ##.#
##.#
##.################.#...
##.#............@W..?...
##.#.###############....
##....##########...# .
####.............#.#
......############.#
####..# #..........#
#..# #.########## #..#
#.# ### #..# #.# .[#


You could see tidbits's ghost.

Vanquished Creatures
  A bat (D:1)
  A giant cockroach (D:1)
  4 goblins (D:2)
  2 hobgoblins
  A frilled lizard (D:1)
  A rat (D:3)
10 creatures vanquished.

Notes
Turn   | Place    | Note
-------+----------+-------------------------------------------
     0 | D:1      | tidbits the Octopode Skald began the quest for the Orb.
     0 | D:1      | Reached XP level 1. HP: 14/14 MP: 3/3
    28 | D:1      | Reached skill level 1 in Stealth
    93 | D:2      | Reached skill level 2 in Stealth
    96 | D:2      | Reached XP level 2. HP: 11/19 MP: 5/5
   263 | D:3      | Noticed tidbits's ghost (weakling OpAr)
   268 | D:3      | HP: 1/19 [tidbits's ghost (4)]
   272 | D:3      | Slain by tidbits's ghost

Skill      XL: |  1 |
---------------+----+-----
Stealth        | 2 |  2.7
Fighting       | |  2.0
Dodging        | |  2.3
Unarmed Combat | |  2.0
Spellcasting   | |  2.0
Charms         | |  3.0

Action                   || total
-------------------------++-------
Melee: Unarmed           ||    28
       Constrict         ||     6
       Tentacles         ||     5
 Cast: Infusion          ||     2
 Stab: Sleeping          ||     3
Dodge: Dodged            ||    15

Table legend:
 A = Turns spent in this place as a percentage of turns spent in the entire game.
 B = Non-inter-level travel turns spent in this place as a percentage of non-inter-level travel turns spent in the entire game.
 C = Inter-level travel turns spent in this place as a percentage of turns spent in this place.
 D = Turns resting spent in this place as a percentage of non-inter-level travel turns spent in this place.
 E = Turns spent auto-exploring this place as a percentage of non-inter-level travel turns spent in this place.
 F = Non-inter-level travel turns spent in this place divided by the number of levels of this place that you've seen.
                   A       B       C       D       E      F
               +-------+-------+-------+-------+-------+----------------------
         Total | 100.0 | 100.0 |   0.0 |   0.0 |   0.0 |  74.0
       Dungeon | 100.0 | 100.0 |   0.0 |   0.0 |   0.0 |  74.0
               +-------+-------+-------+-------+-------+----------------------

Table legend:
 A = Kills in this place as a percentage of kills in entire the game.
 B = Kills by you in this place as a percentage of kills by you in the entire game.
 C = Kills by friends in this place as a percentage of kills by friends in the entire game.
 D = Other kills in this place as a percentage of other kills in the entire game.
 E = Experience gained in this place as a percentage of experience gained in the entire game.
 F = Experience gained in this place divided by the number of levels of this place that you have seen.
                   A       B       C       D       E      F
               +-------+-------+-------+-------+-------+----------------------
         Total | 100.0 | 100.0 |  -nan |  -nan | 100.0 |   5.3
       Dungeon | 100.0 | 100.0 |  -nan |  -nan | 100.0 |   5.3
               +-------+-------+-------+-------+-------+----------------------

Vault maps used:
D:1:      dpeg_arrival_tiny_h
D:2:      uniq_robin, uniq_crazy_yiuf_cottage
D:3:      lemuel_round_altar, first_bread, uniq_sigmund, uniq_grinder
